 Dungeon Crawl Stone Soup version 0.24.0-123-gd5b16e6ec5 (webtiles) character file.

Game seed: 2556666680580148729, levelgen mode: deterministic

261 Elellon the Cleaver (level 6, -10/51 HPs)
             Began as a Hill Orc Fighter on Jan 16, 2020.
             Mangled by an ogre
             ... wielding a +0 giant club
              (15 damage)
             ... on level 4 of the Dungeon.
             The game lasted 00:02:24 (2117 turns).

Elellon the Cleaver (Hill Orc Fighter)              Turns: 2117, Time: 00:02:25

Health: -10/51     AC:  6    Str: 21    XL:     6   Next: 18%
Magic:  6/6        EV:  7    Int:  8    God:
Gold:   142        SH:  9    Dex: 10    Spells: 5/5 levels left

rFire    . . .     SeeInvis .   a - +0 war axe
rCold    . . .     Gourm    .   c - +0 shield
rNeg     . . .     Faith    .   b - +0 scale mail
rPois    .         Spirit   .   (no helmet)
rElec    .         Reflect  .   (no cloak)
rCorr    .         Harm     .   (no gloves)
MR       .....                  (no boots)
Stlth    ..........             (no amulet)
HPRegen  0.17/turn              (no ring)
MPRegen  0.10/turn              (no ring)

@: no status effects
A: no striking features
a: no special abilities


You were on level 4 of the Dungeon.
You were not hungry.

You visited 1 branch of the dungeon, and saw 4 of its levels.

You collected 142 gold pieces.

Inventory:

Hand Weapons
 a - a +0 war axe (weapon)
Armour
 b - a +0 scale mail (worn)
 c - a +0 shield (worn)
Jewellery
 e - an uncursed amulet of magic regeneration {unknown}
Scrolls
 h - 2 scrolls of magic mapping {unknown}
 k - 2 scrolls of enchant armour {unknown}
 l - a scroll of identify {unknown}
 m - a scroll of immolation {unknown}
 n - 3 scrolls of teleportation {unknown}
 o - a scroll of remove curse {unknown}
 r - a scroll of enchant weapon {unknown}
 s - a scroll of random uselessness {unknown}
Potions
 d - a potion of might
 g - a potion of flight {unknown}
 i - a potion of mutation {unknown}
 j - 4 potions of curing {unknown}
 p - a potion of degeneration {unknown}
 t - a potion of ambrosia {unknown}
Comestibles
 f - 3 rations
 q - 5 chunks of flesh


   Skills:
 - Level 3.6 Fighting
 + Level 8.3 Axes
 - Level 3.2 Armour
 - Level 3.2 Shields


You had 5 spell levels left.
You didn't know any spells.
Your spell library was empty.

Dungeon Overview and Level Annotations

Branches:
Dungeon (3/15)

Altars:


Message History

The orc wizard casts a cantrip, but nothing happens.
You miss the orc wizard.
The orc wizard is moderately wounded.
Your shield prevents you from hitting the ogre.
The ogre hits you with a +0 giant club! You block the orc wizard's attack.
The orc wizard hits you with a +0 dagger.
You hit the orc wizard.
The orc wizard is moderately wounded.
You slash the ogre! The ogre hits you with a +0 giant club!
* * * LOW HITPOINT WARNING * * *
The orc wizard casts a spell at you. The puff of flame misses you.
You closely miss the orc wizard.
The orc wizard is moderately wounded.
You hit the ogre. You block the ogre's attack.
You block the orc wizard's attack.
You hit the orc wizard.
The orc wizard is heavily wounded.
You slash the ogre! The ogre hits you with a +0 giant club!
You die...

#.##.#....##.##
.#.#.##....#..##.#
# #..##...##.##.#
##..##...#.##.#
#..###.#..#.#
#.....#..#.###
####.....#...
#####.#O# #.o@#
#####


You could see an ogre and an orc wizard.

Vanquished Creatures
  Sigmund (D:2)
  An orc priest (D:4)
  3 oozes
  A worm (D:2)
  A dart slug (D:1)
  5 leopard geckos
  3 orcs
  10 bats
  6 goblins
  5 hobgoblins
  5 jackals
  A quokka (D:2)
  3 kobolds
  6 rats
51 creatures vanquished.

Notes
Turn   | Place    | Note
-------+----------+-------------------------------------------
     0 | D:1      | Elellon the Hill Orc Fighter began the quest for the Orb.
     0 | D:1      | Reached XP level 1. HP: 19/19 MP: 1/1
    28 | D:1      | Reached skill level 3 in Axes
    36 | D:1      | Reached XP level 2. HP: 19/26 MP: 2/2
   185 | D:1      | Reached skill level 4 in Axes
   633 | D:1      | Reached XP level 3. HP: 30/31 MP: 3/3
  1064 | D:2      | Noticed Sigmund
  1079 | D:2      | Killed Sigmund
  1079 | D:2      | Reached skill level 7 in Axes
  1079 | D:2      | Reached XP level 4. HP: 5/39 MP: 4/4
  1079 | D:2      | Reached XP level 5. HP: 6/45 MP: 5/5
  1920 | D:2      | Reached skill level 8 in Axes
  1921 | D:2      | Reached XP level 6. HP: 38/51 MP: 6/6
  2075 | D:2      | You fall into a shaft and drop 2 floors!
  2117 | D:4      | Mangled by an ogre

Levels and vault maps discovered:
D:1:      saegor_arrival_miasma, layout_loops_corners
D:2:      layout_basic, first_ration, uniq_sigmund
D:3:      layout_loops_ring
D:4:      minmay_evil_eye, layout_loops_ring, serial_shops, shop_fountains

Skill      XL: |  1  2  3  4  5 |
---------------+----------------+-----
Axes           | 3 4 7 8 |  8.3
Fighting       | |  3.6
Armour         | |  3.2
Shields        | |  3.2

Action                   |  1- 3 |  4- 6 || total
-------------------------+-------+-------++-------
Melee: War axe           |    83 |    83 ||   166
  Eat: Chunk             |     1 |     3 ||     4
Armor: Scale mail        |    47 |    35 ||    82
Dodge: Dodged            |    25 |    31 ||    56
Block: Shield            |    52 |    57 ||   109
